Map: Ice and Chrome LE

Players

llllllllllll

  • Race: Zerg Zerg
  • League: Master
  • Spawn Location: 1:00

VOD

Have the link to the VOD?

Description

Time

  • Played on: Sept. 6, 2020, 12:38 a.m.
  • Length: 7:42
Show
View Real Time Build Order
Export as new Build Order

llllllllllll Zerg 

Build Orders:  

Get SALT Encoding   

  12  0:00  Drone  
  13  0:17  Overlord  
  13  0:23  Drone  
  14  0:42  Drone x2  
  14  0:47  Drone  
  17  1:02  Drone  
  18  1:15  Hatchery  
  18  1:18  Drone  
  18  1:32  Drone  
  19  1:42  Spawning Pool  
  19  1:47  Drone  
  19  2:02  Drone  
  20  2:16  Hatchery  
  20  2:19  Drone  
  20  2:32  Drone  
  21  2:47  Overlord  
  21  2:56  Queen x2  
  21  2:59  Drone  
  26  3:03  Drone  
  27  3:10  Drone  
  27  3:17  Drone  
  29  3:25  Drone  
  30  3:32  Drone  
  30  3:37  Extractor  
  30  3:41  Zergling x2  
  30  3:48  Zergling x2  
  32  3:59  Overlord  
  32  4:01  Drone  
  32  4:02  Drone  
  34  4:11  Zergling x2  
  34  4:12  Drone  
  34  4:17  Overlord  
  34  4:19  Queen x3  
  42  4:25  Drone  
  42  4:29  Drone  
  44  4:30  Drone x2  
  44  4:34  Drone  
  44  4:37  Drone  
  44  4:38  Drone  
  49  4:41  Drone  
  49  4:44  Drone  
  49  4:46  Drone  
  52  4:50  Drone  
  52  4:57  Spore Crawler  
  52  5:03  Spore Crawler  
  52  5:04  Drone, Spore Crawler  
  52  5:09  Overlord  
  51  5:13  Drone x2  
  51  5:18  Drone x2  
  55  5:24  Drone  
  55  5:27  Drone x2  
  58  5:40  Overlord  
  58  5:41  Drone  
  58  5:42  Drone  
  60  5:57  Overlord  
  60  5:58  Drone x6  
  66  6:05  Drone x4  
  66  6:06  Roach Warren  
  69  6:13  Drone  
  69  6:15  Extractor x2  
  69  6:16  Drone  
  69  6:17  Extractor  
  68  6:27  Overlord  
  68  6:28  Drone, Metabolic Boost  
  69  6:32  Zergling x4  
  71  6:42  Overlord x2  
  71  6:43  Drone x6  
  71  6:44  Drone x2  
  79  6:51  Drone x2  
  79  6:59  Evolution Chamber x2  
  79  7:01  Drone  
  79  7:05  Baneling Nest  
  79  7:14  Roach x2  
  105  7:39  Extractor  
Tags
 
Add a new tag
Caveats
  • Supply blocks, unpowered buildings, or Contaminate may cause inaccurate times.
  • Supply counts are checked every 10 seconds.